 Dungeon Crawl Stone Soup version 0.25-a0-713-g4845790874 (webtiles) character file.

Game seed: 12793676399436750055, levelgen mode: deterministic

184 Anathary the Shield-Bearer (level 5, 0/47 HPs)
             Began as a Minotaur Fighter on Apr 5, 2020.
             Slain by Grinder (3 damage)
             ... on level 3 of the Dungeon.
             The game lasted 00:06:29 (1494 turns).

Anathary the Shield-Bearer (Minotaur Fighter)       Turns: 1494, Time: 00:06:30

Health: 0/47       AC:  7    Str: 22    XL:     5   Next: 36%
Magic:  4/4        EV:  7    Int:  5    God:
Gold:   105        SH:  9    Dex:  9    Spells: 4/4 levels left

rFire    . . .     SeeInvis .   a - +0 long sword
rCold    . . .     Gourm    .   c - +0 kite shield
rNeg     . . .     Faith    .   b - +0 scale mail
rPois    .         Spirit   .   (helmet restricted)
rElec    .         Reflect  .   (no cloak)
rCorr    .         Harm     .   (no gloves)
MR       .....                  (no boots)
Stlth    ..........             (no amulet)
HPRegen  0.15/turn              (no ring)
MPRegen  0.09/turn              (no ring)

@: no status effects
A: retaliatory headbutt, horns 2
a: no special abilities


You were on level 3 of the Dungeon.
You were not hungry.

You visited 1 branch of the dungeon, and saw 3 of its levels.

You collected 105 gold pieces.

Inventory:

Hand Weapons
 a - a +0 long sword (weapon)
Armour
 b - a +0 scale mail (worn)
 c - a +0 kite shield (worn)
Jewellery
 k - an uncursed ring of protection from cold {unknown}
Scrolls
 e - 2 scrolls of identify {unknown}
 g - a scroll of fear {unknown}
 h - a scroll of random uselessness {unknown}
 i - a scroll of remove curse {unknown}
 l - 2 scrolls of enchant weapon {unknown}
 n - a scroll of teleportation {unknown}
 p - a scroll of enchant armour {unknown}
 q - a scroll of fog {unknown}
Potions
 d - a potion of might
 j - 2 potions of cancellation {unknown}
 m - a potion of heal wounds {unknown}
 o - a potion of degeneration {unknown}
Comestibles
 f - 6 rations


   Skills:
 + Level 4.5 Fighting
 + Level 4.2 Long Blades
 + Level 4.7 Armour
 - Level 0.3 Dodging
 + Level 4.9 Shields


You had 4 spell levels left.
You didn't know any spells.
Your spell library was empty.

Dungeon Overview and Level Annotations

Branches:
Dungeon (3/15)

Altars:

Annotations:
D:3 Grinder


Innate Abilities, Weirdness & Mutations

You reflexively headbutt those who attack you in melee.
You have a pair of horns on your head.


Message History

Grinder hits you!
* * * LOW HITPOINT WARNING * * *
You writhe in agony.
* * * LOW HITPOINT WARNING * * *
Your shield and scale mail prevent you from hitting Grinder.
Your headbutt misses Grinder.
Grinder is heavily wounded.
Grinder gestures at you.
You suddenly lose the ability to move!
Grinder says, "Tell me all your secrets, or I'll kill you."
Grinder barely misses you.
You can move again.
You hit Grinder. You headbutt Grinder, but do no damage.
Grinder is heavily wounded.
Grinder hits you but does no damage.
You barely miss Grinder. Your headbutt misses Grinder.
Grinder is heavily wounded.
Grinder says, "FISH!"
Grinder hits you.
You die...

## .# .#
.#######################
........<......5@.......
)#####..################
........# ..####.ยง# ..#
#..# ..# #5.# ..# #..#
..# #..# ...


You could see Grinder.

Vanquished Creatures
  A crimson imp (D:2)
  Terence (D:2)
  3 gnolls (D:2)
  3 adders (D:2)
  2 worms (D:2)
  2 dart slugs (D:1)
  A leopard gecko (D:1)
  2 orcs (D:3)
  3 giant cockroaches
  5 goblins (D:1)
  2 hobgoblins
  10 jackals
  6 kobolds
  7 bats
  4 frilled lizards
  7 rats
59 creatures vanquished.

Notes
Turn   | Place    | Note
-------+----------+-------------------------------------------
     0 | D:1      | Anathary the Minotaur Fighter began the quest for the Orb.
     0 | D:1      | Reached XP level 1. HP: 19/19 MP: 0/0
    81 | D:1      | Reached XP level 2. HP: 24/27 MP: 1/1
   159 | D:1      | Reached XP level 3. HP: 24/33 MP: 2/2
   617 | D:2      | Reached XP level 4. HP: 31/41 MP: 3/3
  1099 | D:2      | Reached XP level 5. HP: 45/47 MP: 4/4
  1187 | D:2      | Noticed Terence
  1197 | D:2      | Killed Terence
  1467 | D:3      | Noticed Grinder
  1490 | D:3      | HP: 2/47 [Grinder (3)]
  1491 | D:3      | Paralysed by Grinder for 2 turns
  1494 | D:3      | Slain by Grinder

Levels and vault maps discovered:
D:1:      kennysheep_arrival_seaside, layout_rooms
D:2:      layout_basic, minmay_tetromino_t4, uniq_terence
D:3:      layout_loops_ring, fedhas_altar_4, first_ration, uniq_grinder

Skill      XL: |  1  2  3  4 |
---------------+-------------+-----
Fighting       | 4 |  4.5
Armour         | 4 |  4.7
Shields        | 4 |  4.9
Long Blades    | 3 4 |  4.2
Dodging        | |  0.3

Action                   |  1- 3 |  4- 6 || total
-------------------------+-------+-------++-------
Melee: Long sword        |    85 |    66 ||   151
       Headbutt          |    16 |    12 ||    28
  Eat: Ration            |       |     1 ||     1
Armor: Scale mail        |    54 |    29 ||    83
Dodge: Dodged            |    31 |    27 ||    58
Block: Kite shield       |    51 |    28 ||    79
       Rpst.: Long sword |     6 |     8 ||    14

Table legend:
 A = Non-vault XP
 B = Vault XP
 C = Vault XP percentage of total XP
 D = Non-vault monster count
 E = Vault monster count
 F = Vault count percentage of total count
                 A         B        C        D         E       F
            +---------+---------+-------+---------+---------+-------
      Total |     214 |      50 |  18.9 |      57 |       2 |   3.4
            +---------+---------+-------+---------+---------+-------
        D:1 |      50 |       0 |   0.0 |      29 |       0 |   0.0
        D:2 |     158 |      50 |  24.0 |      26 |       2 |   7.1
        D:3 |       6 |       0 |   0.0 |       2 |       0 |   0.0
            +---------+---------+-------+---------+---------+-------
